 Dungeon Crawl Stone Soup version 0.24-a0-520-g8fd06ad0bc (webtiles) character file.

Game seed: 1759540476807560216

5 vurker the Bolt Thrower (level 1, -1/12 HPs)
             Began as a Kobold Hunter on July 27, 2019.
             Slain by a jackal (2 damage)
             ... on level 1 of the Dungeon.
             The game lasted 00:00:36 (187 turns).

vurker the Bolt Thrower (Kobold Hunter)              Turns: 187, Time: 00:00:36

Health: -1/12      AC:  3    Str:  9    XL:     1   Next: 88%
Magic:  1/1        EV: 14    Int: 12    God:
Gold:   7          SH:  0    Dex: 15    Spells: 0/0 levels left

rFire    . . .     SeeInvis .   a - +1 hand crossbow
rCold    . . .     Gourm    .   (shield restricted)
rNeg     . . .     Faith    .   c - +0 leather armour
rPois    .         Spirit   .   (no helmet)
rElec    .         Reflect  .   (no cloak)
rCorr    .         Harm     .   (no gloves)
MR       .....                  (no boots)
Stlth    ++........             (no amulet)
HPRegen  0.04/turn              (no ring)
MPRegen  0.07/turn              (no ring)

@: no status effects
A: small, carnivore
a: no special abilities


You were on level 1 of the Dungeon.
You were very full.

You visited 1 branch of the dungeon, and saw 1 of its levels.

You collected 7 gold pieces.

Inventory:

Hand Weapons
 a - a +1 hand crossbow (weapon)
 b - a +0 dagger
   (You took it off a goblin on level 1 of the Dungeon)
Missiles
 d - 17 bolts (quivered)
Armour
 c - a +0 leather armour (worn)
 h - a cursed +0 pair of gloves
   (You found it on level 1 of the Dungeon)
Scrolls
 f - a scroll of identify {unknown}
 g - a scroll of remove curse {unknown}
Comestibles
 e - 2 rations


   Skills:
 + Level 2.3 Fighting
 * Level 1.0 Short Blades
 * Level 5.0 Crossbows
 - Level 2.4 Dodging
 - Level 1.3 Stealth


You couldn't memorise any spells.
You didn't know any spells.
Your spell library was empty.

Dungeon Overview and Level Annotations

Branches:
Dungeon (1/15)

Altars:


Innate Abilities, Weirdness & Mutations

You are small and have problems with some larger weapons.
You are carnivorous and can eat meat at any time.


Message History

This raw flesh tastes great.
Found four items.
d - 18 bolts (gained 1)
You see here a goblin corpse.
You butcher the goblin corpse.
g - a chunk of flesh You see here a goblin skeleton. x2
Eating a chunk of flesh.
You eat the chunk of flesh.
This raw flesh tastes great.
d - 19 bolts (gained 1)
You now have 7 gold pieces.
Found a ration.
g - a scroll labeled IGISTR XUERGH
e - 2 rations (gained 1)
h - a pair of runed gloves A hobgoblin comes into view.
It is wielding a +0 club.
The hobgoblin shouts!
You hear a shout!
A hobgoblin comes into view. It is wielding a +0 club.
The hobgoblin shouts!
You closely miss the hobgoblin.
A jackal comes into view.
A hobgoblin comes into view. It is wielding a +0 club.
The hobgoblin closely misses you.
The jackal barks!
You hit the hobgoblin. You hit the hobgoblin but do no damage.
A jackal comes into view.
The hobgoblin hits you with a +0 club!
Ouch! That really hurt!
* * * LOW HITPOINT WARNING * * *
The jackal barks!
A jackal comes into view.
A bat comes into view.
The bat moves out of view.
a - a +1 hand crossbow (weapon)
The hobgoblin hits you with a +0 club.
* * * LOW HITPOINT WARNING * * *
Firing (i - inventory)
d - 19 bolts (quivered)
Aim: a hobgoblin, wielding a +0 club You shoot a bolt.
The bolt hits the hobgoblin!
You kill the hobgoblin!
The jackal barely misses you.
Firing (i - inventory)
d - 18 bolts (quivered)
Aim: a jackal You shoot a bolt.
The bolt hits the jackal!
You kill the jackal!
Your Short Blades skill increases to level 1!
Your Crossbows skill increases to level 5!
The jackal bites you.
You die...

.## #..#.......##
##
#..#.#..#.#......
#..#.#..#.#.#####
#..#.#..#.#.#
#..#......#.#
#.........#.#
##.hg.....#.#
......##h##.......
..g.. #@#....#.#.
...h #.##.#.#.#
..h #......... ..
#..#.#...#. .
#..#.. ... ....
...# ...#


You could see 2 jackals and a hobgoblin.

Vanquished Creatures
  2 goblins (D:1)
  A hobgoblin (D:1)
  A jackal (D:1)
4 creatures vanquished.

Notes
Turn   | Place    | Note
-------+----------+-------------------------------------------
     0 | D:1      | vurker the Kobold Hunter began the quest for the Orb.
     0 | D:1      | Reached XP level 1. HP: 12/12 MP: 1/1
   187 | D:1      | Reached skill level 1 in Short Blades
   187 | D:1      | Reached skill level 5 in Crossbows
   187 | D:1      | Slain by a jackal

Levels and vault maps discovered:
D:1:      dpeg_arrival_circle_labyrinth_c, layout_basic, minmay_pentomino_t2

Skill      XL: |  1 |
---------------+----+-----
Short Blades   | 1 |  1.0
Crossbows      | 5 |  5.0
Fighting       | |  2.3
Dodging        | |  2.4
Stealth        | |  1.3

Action                   || total
-------------------------++-------
Melee: Short sword       ||     4
       Dagger            ||     3
 Fire: Hand crossbow     ||     5
  Eat: Chunk             ||     4
Dodge: Dodged            ||     5

Table legend:
 A = Non-vault XP
 B = Vault XP
 C = Vault XP percentage of total XP
 D = Non-vault monster count
 E = Vault monster count
 F = Vault count percentage of total count
                 A         B        C        D         E       F
            +---------+---------+-------+---------+---------+-------
      Total |       4 |       4 |  50.0 |       2 |       2 |  50.0
            +---------+---------+-------+---------+---------+-------
        D:1 |       4 |       4 |  50.0 |       2 |       2 |  50.0
            +---------+---------+-------+---------+---------+-------
